 Dungeon Crawl Stone Soup version 0.30-a0-779-g7971cf19c3 (webtiles) character file.

Game seed: 9548611210509279149

3 Pimp the Stinger (level 1, -1/11 HPs)
             Began as a Kobold Venom Mage on Feb 17, 2023.
             Slain by a quokka (4 damage)
             ... on level 1 of the Dungeon.
             The game lasted 00:00:40 (220 turns).

Pimp the Stinger (Kobold Venom Mage)                 Turns: 220, Time: 00:00:41

Health: -1/11      AC:  2    Str:  5    XL:     1   Next: 55%
Magic:  2/3        EV: 15    Int: 16    God:
Gold:   0          SH:  0    Dex: 15    Spells: 3/4 levels left

rFire   . . .      SeeInvis .    h - +0 flail
rCold   . . .      Faith    .    (no shield)
rNeg    . . .      Spirit   .    a - +0 robe
rPois   .          Reflect  .    (no helmet)
rElec   .          Harm     .    (no cloak)
rCorr   .          Rampage  .    (no gloves)
Will    .....                    (no boots)
Stlth   +++                      (no amulet)
HPRegen 0.21/turn                (no ring)
MPRegen 0.08/turn                (no ring)

@: no status effects
A: small, no large weapons, nightstalker 3
a: no special abilities


You were on level 1 of the Dungeon.
You visited 1 branch of the dungeon, and saw 1 of its levels.

Inventory:

Hand Weapons
 h - a +0 flail (weapon)
Missiles
 g - 5 poisoned darts
Armour
 a - a +0 robe (worn)
Jewellery
 c - a +4 ring of slaying
Scrolls
 e - a scroll of identify {unknown}
Potions
 b - a potion of magic
 d - a potion of curing {unknown}
 f - a potion of heal wounds {unknown}


   Skills:
 + Level 0.4 Fighting
 + Level 2.4 Dodging
 + Level 2.6 Stealth
 + Level 2.1 Spellcasting
 + Level 1.0 Transmutations
 + Level 3.1 Poison Magic


You had 3 spell levels left.
You knew the following spells:

 Your Spells              Type           Power      Damage    Failure   Level
a - Sting                 Tmut/Pois      32%        1d4       9%          1

Your spell library contained the following spells:

 Spells                   Type           Power      Damage    Failure   Level
 Poisonous Vapours        Pois/Air       12%        N/A       16%         2
 Mephitic Cloud           Conj/Pois/Air  5%         N/A       36%         3
 Olgreb's Toxic Radiance  Pois           11%        N/A       50%         4


Dungeon Overview and Level Annotations

Branches:
Dungeon (1/15)

Altars:


Innate Abilities, Weirdness & Mutations

You are small and have problems with some larger weapons.
You are completely attuned to the shadows.


Message History

You don't have enough magic to cast this spell.
Unknown command.
Found a dagger.
Found a scale mail.
You see here a +0 scale mail.
You see here a +0 dagger.
Magic restored.
You see here a +0 dagger.
A goblin comes into view. It is wielding a +0 dagger.
The helpless goblin fails to defend itself.
You hit the goblin.
You kill the goblin!
Things that are here:
a +0 dagger; a goblin corpse You start waiting.
Done waiting.
A kobold is nearby!
A quokka comes into view.
Casting: Sting (safe; 9% risk of failure)
Confirm with . or Enter, or press ? or * to list all spells.
Aiming: Sting (safe; 9% risk of failure)
Press: ? - help, Shift-Dir - straight line, f - quokka
Aim: a quokka (asleep, 100% to hit)
The sting hits the quokka but does no damage.
The quokka is poisoned.
The kobold shouts!
The quokka attacks as you move away! The quokka bites you.
The quokka barely misses you.
You closely miss the quokka.
The quokka is heavily wounded.
The quokka completely misses you. The kobold misses you.
You hit the quokka but do no damage.
The quokka is severely wounded.
The quokka looks more healthy.
The quokka closely misses you.
The kobold hits you with a +0 quarterstaff.
The quokka bites you.
* * * LOW HITPOINT WARNING * * *
The kobold attacks as you move away! The kobold barely misses you.
The quokka attacks as you move away! The quokka bites you.
You die...

##### #...
####.######
#####..@rK.....
###....)###......
##...#####
#...... #..###
####... #.## #..
##.# #..# #####..
#.## ###......
#.######.......#


You could see a quokka and a kobold.

Vanquished Creatures
  A ball python (D:1)
  A goblin (D:1)
  A kobold (D:1)
3 creatures vanquished.

Notes
Turn   | Place    | Note
-------+----------+-------------------------------------------
     0 | D:1      | Pimp the Kobold Venom Mage began the quest for the Orb.
     0 | D:1      | Reached XP level 1. HP: 10/10 MP: 3/3
   220 | D:1      | Slain by a quokka

Illustrated notes

Levels and vault maps discovered:
D:1:      spicycebolla_arrival_xxxplode, layout_rooms

Action                     || total
---------------------------++-------
  Melee: Flail             ||     5
   Cast: Sting             ||     4
   Stab: Sleeping          ||     1
  Dodge: Dodged            ||    10

Table legend: (Time is in decaauts)
 A = Elapsed time spent in this place.
 B = Non-inter-level travel time spent in this place.
 C = Inter-level travel time spent in this place.
 D = Time resting spent in this place.
 E = Time spent auto-exploring this place.
 F = Levels seen in this place.
 G = Mean time per level.
                   A        B        C        D        E       F      G
               +--------+--------+--------+--------+--------+-----+--------+
         Total |    221 |    221 |      0 |    103 |     51 |   1 |  221.0 |
       Dungeon |    221 |    221 |      0 |    103 |     51 |   1 |  221.0 |
               +--------+--------+--------+--------+--------+-----+--------+

Top non-repeatable levels by time:
     D:1: 221 daAuts
